 Dungeon Crawl Stone Soup version 0.28.0-53-g5a82cb258f (webtiles) character file.

Game seed: 13508567589929905443

42 acdeimund the Conjurer (level 3, -11/28 HPs)
             Began as a Draconian Conjurer on July 14, 2022.
             Mangled by an iguana (13 damage)
             ... on level 3 of the Dungeon.
             The game lasted 00:07:41 (2296 turns).

acdeimund the Conjurer (Draconian Conjurer)         Turns: 2296, Time: 00:07:42

Health: -11/28     AC:  5    Str:  9    XL:     3   Next: 35%
Magic:  0/6        EV: 12    Int: 20    God:
Gold:   60         SH:  0    Dex:  9    Spells: 6/7 levels left

rFire   . . .      SeeInvis .   g - +0 dagger
rCold   . . .      Faith    .   (no shield)
rNeg    . . .      Spirit   .   (armour unavailable)
rPois   .          Reflect  .   (helmet restricted)
rElec   .          Harm     .   (no cloak)
rCorr   +          Rampage  .   (no gloves)
Will    .....                   (no boots)
Stlth   ++........              (no amulet)
HPRegen 0.09/turn               e - ring of resist corrosion
MPRegen 0.10/turn               (no ring)

@: no status effects
A: AC +5, unfitting armour, cold-blooded
a: no special abilities


You were on level 3 of the Dungeon.
You visited 1 branch of the dungeon, and saw 3 of its levels.

You collected 60 gold pieces.

Inventory:

Hand Weapons
 g - a +0 dagger (weapon)
Jewellery
 e - a ring of resist corrosion (left hand)
 j - a ring of fire
Scrolls
 b - a scroll of fog {unknown}
 c - a scroll of identify {unknown}
 f - a scroll of teleportation {unknown}
 i - a scroll of holy word {unknown}
Potions
 a - a potion of cancellation {unknown}
 d - a potion of mutation {unknown}
 h - a potion of invisibility {unknown}
 k - a potion of attraction {unknown}
 l - a potion of curing {unknown}
 m - a potion of ambrosia {unknown}


   Skills:
 + Level 1.0 Fighting
 + Level 2.0 Dodging
 + Level 2.1 Stealth
 * Level 2.5 Spellcasting
 * Level 4.4 Conjurations


You had 6 spell levels left.
You knew the following spells:

 Your Spells              Type           Power      Damage    Failure   Level
a - Magic Dart            Conj           80%        1d7       2%          1

Your spell library contained the following spells:

 Spells                   Type           Power      Damage    Failure   Level
 Searing Ray              Conj           40%        2d5       3%          2
 Dazzling Flash           Conj/Hex       22%        N/A       19%         3
 Fulminant Prism          Conj/Hex       5%         3d7       52%         4
 Iskenderun's Mystic Bla  Conj/Tloc      11%        2d4       52%         4


Dungeon Overview and Level Annotations

Branches:
Dungeon (3/15)

Altars:
Hepliaklqana


Innate Abilities, Weirdness & Mutations

Your plain brown scales are hard. (AC +5)
You cannot fit into any form of body armour.
You are cold-blooded and may be slowed by cold attacks.


Message History

You hit the iguana but do no damage.
The iguana is severely wounded.
The iguana bites you.
You hit the iguana but do no damage.
The iguana is severely wounded.
The iguana bites you.
Aiming: Magic Dart (safe; 2% risk of failure)
Press: ? - help, Q - select action Shift-Dir - straight line, f/p - iguana
Aim: an iguana (heavily wounded, 100% to hit)
The magic dart hits the iguana but does no damage.
The iguana is heavily wounded.
The iguana bites you!
* * * LOW HITPOINT WARNING * * *
Aiming: Magic Dart (safe; 2% risk of failure)
Press: ? - help, Q - select action Shift-Dir - straight line, f/p - iguana
Aim: an iguana (heavily wounded, 100% to hit)
The magic dart hits the iguana.
The iguana is severely wounded.
The iguana closely misses you.
You don't have enough magic to cast this spell.
You don't have enough magic to cast this spell.
You hit the iguana but do no damage.
You tail-slap the iguana, but do no damage.
The iguana is severely wounded.
The iguana barely misses you.
You barely miss the iguana.
The iguana is severely wounded.
The iguana bites you.
* * * LOW HITPOINT WARNING * * *
You hit the iguana but do no damage.
The iguana is severely wounded.
The iguana barely misses you.
You hit the iguana but do no damage.
The iguana is severely wounded.
The iguana closely misses you.
You closely miss the iguana.
You tail-slap the iguana, but do no damage.
The iguana is severely wounded.
The iguana bites you!
You die...

#.........# #######
#.#####.#.## #.....#
#.# #.......
#.###.###.###.#.#.#.
#.# #...............
#.###.###.###.....#.
#.....# #.........#.
###.### #####.#.###.
#..@..# #.#.###.
#.#l#.# #.......
#...#.# ###'####
#..## # ##...## ...
##.....## #.#.
#.......# #$#.
#......... . ..
+.........
#......?..


You could see an iguana.

Vanquished Creatures
  5 ball pythons
  6 endoplasms
  2 giant cockroaches
  4 goblins
  2 hobgoblins
  5 jackals
  2 kobolds
  A quokka (D:1)
  5 bats
  A frilled lizard (D:1)
  3 rats
36 creatures vanquished.

Notes
Turn   | Place    | Note
-------+----------+-------------------------------------------
     0 | D:1      | acdeimund the Draconian Conjurer began the quest for the
                  | Orb.
     0 | D:1      | Reached XP level 1. HP: 14/14 MP: 3/3
   170 | D:1      | Found a faded altar of an unknown god.
   208 | D:1      | Reached XP level 2. HP: 22/22 MP: 0/5
  1145 | D:2      | Found a hazy altar of Hepliaklqana.
  1274 | D:2      | Reached XP level 3. HP: 27/27 MP: 1/6
  1958 | D:2      | Reached skill level 1 in Fighting
  2293 | D:3      | HP: 1/28 [iguana (5)]
  2296 | D:3      | Mangled by an iguana

Illustrated notes

Levels and vault maps discovered:
D:1:      saegor_arrival_under_anarchy, layout_basic,
          hellmonk_ecumenical_altar_blasted
D:2:      layout_basic, basic_altar
D:3:      minmay_bubble_buster, layout_loops_corners, kennysheep_flooded_box

Skill      XL: |  1  2  3 |
---------------+----------+-----
Stealth        | 2 |  2.1
Dodging        | 2 |  2.0
Fighting       | 1 |  1.0
Spellcasting   | |  2.5
Conjurations   | |  4.4

Action                   || total
-------------------------++-------
Melee: Tailslap          ||     5
       Unarmed           ||     1
       Dagger            ||    35
       Punch             ||     1
 Cast: Magic Dart        ||    82
Armor: Skin              ||     4
Dodge: Dodged            ||    30
